 Dungeon Crawl Stone Soup version 0.28.0 (webtiles) character file.

Game seed: 7109620865964020956

638 benadryl the Skirmisher (level 7, 0/67 HPs)
             Began as a Gargoyle Fighter on Feb 9, 2022.
             Slain by a killer bee (3 damage)
             ... on level 5 of the Dungeon.
             The game lasted 00:12:11 (5062 turns).

benadryl the Skirmisher (Gargoyle Fighter)          Turns: 5062, Time: 00:12:11

Health: 0/67       AC: 23    Str: 27    XL:     7   Next: 50%
Magic:  7/7        EV:  2    Int:  9    God:
Gold:   204        SH:  4    Dex:  9    Spells: 6/6 levels left

rFire   . . .      SeeInvis .   a - +1 war axe
rCold   . . .      Faith    .   c - +0 buckler
rNeg    + . .      Spirit   .   (armour currently unavailable)
rPois   ∞          Reflect  .   (helmet currently unavailable)
rElec   .          Harm     .   (cloak currently unavailable)
rCorr   .          Rampage  .   (gloves currently unavailable)
Will    .....      NoTele   +   (boots currently unavailable)
Stlth   +.........              (no amulet)
HPRegen 0.21/turn               d - +6 ring of strength
MPRegen 0.10/turn               (no ring)

@: tree-form
A: stationary, stasis, torment immunity, boosted hp, sickness immunity, AC +4,
negative energy resistance 1, (electricity resistance), torment resistance 1,
petrification resistance
a: no special abilities


You were on level 5 of the Dungeon.
You were a tree.
You visited 1 branch of the dungeon, and saw 5 of its levels.

You collected 204 gold pieces.

Inventory:

Hand Weapons
 a - a +1 war axe (weapon)
 b - a +0 hunting sling
Missiles
 f - 101 sling bullets
 i - 3 javelins (quivered)
Armour
 c - a +0 buckler (worn)
 g - a +0 scale mail (melded)
 k - a +1 pair of boots (melded)
Jewellery
 d - a +6 ring of strength (left branch)
Wands
 l - a wand of polymorph (8)
 o - a wand of mindburst (10)
 r - a wand of charming (13)
Scrolls
 e - a scroll of enchant weapon
 s - a scroll of vulnerability {unknown}
Potions
 m - 2 potions of flight


   Skills:
 + Level 5.8 Fighting
 - Level 3.2 Axes
 * Level 4.7 Throwing
 - Level 3.2 Armour
 - Level 4.0 Shields


You had 6 spell levels left.
You didn't know any spells.
Your spell library contained the following spells:

 Spells                   Type           Power      Damage    Failure   Level
 Foxfire                  Conj/Fire      0%         2x1d4     45%         1
 Summon Small Mammal      Summ           0%         N/A       45%         1
 Call Canine Familiar     Summ           0%         N/A       83%         3
 Conjure Flame            Conj/Fire      0%         6-21      83%         3
 Ignite Poison            Fire/Tmut/Pois 0%         N/A       83%         3
 Summon Guardian Golem    Hex/Summ       0%         N/A       83%         3
 Sticky Flame             Conj/Fire      0%         2d3       99%         4


Dungeon Overview and Level Annotations

Branches:
Dungeon (5/15)
 Temple: D:4-7

Altars:
Ashenzari
Hepliaklqana
Kikubaaqudgha
The Shining One

Annotations:
D:3 Grinder


Innate Abilities, Weirdness & Mutations

You are a tree.
Your roots penetrate the ground, keeping you stationary.
You cannot be teleported.
You are immune to unholy pain and torment.
Your maximum health is greatly increased.
Your equipment is partially melded.
You are immune to sickness and miasma.
((Your stone body is resilient. (AC +4)))
You are immune to poison.
You resist negative energy. (rN+)
((You are resistant to electric shocks. (rElec)))
You are resistant to unholy torment.
You are immune to petrification.


Message History

You block the killer bee's attack.
You barely miss the killer bee.
The killer bee is moderately wounded.
You hit the killer bee. The killer bee stings you.
* * * LOW HITPOINT WARNING * * *
You block the killer bee's attack.
The killer bee stings you but does no damage. x2
You closely miss the killer bee.
The killer bee is moderately wounded.
You closely miss the killer bee. The killer bee barely misses you.
The killer bee stings you.
* * * LOW HITPOINT WARNING * * *
The killer bee stings you.
* * * LOW HITPOINT WARNING * * *
You block the killer bee's attack.
The killer bee stings you but does no damage.
The killer bee stings you.
* * * LOW HITPOINT WARNING * * *
It was a potion of magic.
Magic courses through your body. The killer bee stings you.
* * * LOW HITPOINT WARNING * * *
The killer bee stings you but does no damage. x3
As you read the scroll labelled AZOSURURPH ETOUL, it crumbles to dust.
You assume a fearsome visage.
The killer bee looks frightened! x2
It was a scroll of fear.
There are monsters nearby!
As you read the scroll labelled AJOOGGA NEY, it crumbles to dust.
It is a scroll of enchant weapon.
Your +0 war axe glows red for a moment.
As you read the scroll labelled MECWAI YD NOD LOS, it crumbles to dust.
You feel a strange sense of stasis.
It was a scroll of teleportation.
As you read the scroll labelled FUINEE QAXTOGO, it crumbles to dust.
You cannot blink because you are held in place by your roots.
It was a scroll of blinking.
Okay, then.
You barely miss the killer bee.
Your attack snaps the killer bee out of its fear.
The killer bee is moderately wounded.
The killer bee stings you.
You die...

#(.# #######..##
(......)..#######
########.......... .
#.#.###### . #.#.# #
# ##.##.#.### .## .
..........#####...##.
#
####...##.#((♣y......
#.### #.#.###>..###
#.# #.#..# .## ..
#.###(.....# # ##
..###### ..(# #.###
.( ###


You could see a killer bee.

Vanquished Creatures
  A black bear (D:5)
  An ogre (D:5)
  2 killer bees (D:5)
  A bullfrog zombie (D:5)
  A jelly (D:5)
  A hound (D:5)
  A gnoll shaman (D:5)
  An iguana (D:5)
  2 hound skeletons (D:4)
  A howler monkey skeleton (D:4)
  5 gnolls
  6 adders
  A shadow imp (D:4)
  An ufetubus (D:4)
  An adder skeleton (D:4)
  A worm (D:2)
  2 dart slugs
  6 orcs
  5 bats
  10 endoplasms
  2 giant cockroaches
  7 goblins
  8 hobgoblins
  3 kobolds
  2 quokkas
  5 ball pythons
  4 frilled lizards
  3 rats
84 creatures vanquished.

Notes
Turn   | Place    | Note
-------+----------+-------------------------------------------
     0 | D:1      | benadryl the Gargoyle Fighter began the quest for the Orb.
     0 | D:1      | Reached XP level 1. HP: 14/14 MP: 1/1
   208 | D:1      | Reached XP level 2. HP: 17/19 MP: 2/2
   954 | D:2      | Found a faded altar of an unknown god.
   963 | D:2      | Got Plato's Reference Book on Combat Magic
  1094 | D:2      | Reached XP level 3. HP: 23/23 MP: 3/3
  2205 | D:2      | Found a hazy altar of Hepliaklqana.
  2531 | D:3      | Noticed Grinder
  3023 | D:3      | Found an ancient bone altar of Kikubaaqudgha.
  3070 | D:3      | Reached XP level 4. HP: 25/29 MP: 4/4
  3150 | D:3      | Reached skill level 4 in Fighting
  3491 | D:4      | Reached skill level 1 in Throwing
  3491 | D:4      | Reached XP level 5. HP: 25/33 MP: 5/5
  3930 | D:5      | Entered Level 5 of the Dungeon
  4432 | D:4      | Reached XP level 6. HP: 39/39 MP: 6/6
  4595 | D:5      | Reached skill level 5 in Fighting
  4733 | D:5      | Noticed a black bear
  4746 | D:5      | Killed a black bear
  4768 | D:5      | Found a glowing golden altar of the Shining One.
  4771 | D:5      | Found a broken altar of Ashenzari.
  4813 | D:5      | Reached XP level 7. HP: 26/44 MP: 7/7
  5052 | D:5      | HP: 1/67 [killer bee (3)]
  5062 | D:5      | Slain by a killer bee

Illustrated notes

Levels and vault maps discovered:
D:1:      kennysheep_arrival_seaside, layout_rooms
D:2:      layout_loops_ring, basic_altar, shapermc_ecumenical_altar_rom_forum
D:3:      layout_rooms, mainiacjoe_overflow_six_doors_small, nrook_campfire,
          uniq_grinder
D:4:      layout_rooms
D:5:      layout_loops_ring, nicolae_overflow_squiral

Skill      XL: |  1  2  3  4  5  6 |
---------------+-------------------+-----
Axes           | 2 3 |  3.2
Fighting       | 4 5 |  5.8
Shields        | 4 |  4.0
Throwing       | 1 2 4 |  4.7
Armour         | |  3.2

Action                   |  1- 3 |  4- 6 |  7- 9 || total
-------------------------+-------+-------+-------++-------
Melee: War axe           |   111 |   103 |    29 ||   243
 Fire: Hunting sling     |     3 |    26 |    26 ||    55
Evoke: Wand              |       |     2 |       ||     2
  Use: Scroll            |     2 |     1 |     4 ||     7
       Potion            |     1 |       |     2 ||     3
Armor: Scale mail        |    75 |    76 |    35 ||   186
       Skin              |       |       |     7 ||     7
Dodge: Dodged            |    54 |    51 |    30 ||   135
Block: Buckler           |    28 |    32 |    17 ||    77
